 Dungeon Crawl Stone Soup version 0.26-a0-30-g56b8cd3df0 (webtiles) character file.

Game seed: 7078635982931661927, levelgen mode: deterministic

565 Hasart the Cutter (level 7, -1/44 HPs)
             Began as a Kobold Berserker on May 30, 2020.
             Was a Priest of Trog.
             Slain by a gnoll
             ... wielding a +0 flail
              (9 damage)
             ... on level 4 of the Dungeon.
             The game lasted 00:07:45 (4183 turns).

Hasart the Cutter (Kobold Berserker)                Turns: 4183, Time: 00:07:45

Health: -1/44      AC:  7    Str: 17    XL:     7   Next: 58%
Magic:  7/7        EV: 16    Int:  8    God:    Trog [***...]
Gold:   118        SH:  0    Dex: 14    Spells: 6/6 levels left

rFire    . . .     SeeInvis .   m - +1 short sword (flame)
rCold    + . .     Gourm    .   (shield restricted)
rNeg     . . .     Faith    .   n - +2 leather armour {rC+}
rPois    .         Spirit   .   v - +0 helmet
rElec    .         Reflect  .   (no cloak)
rCorr    .         Harm     .   q - +0 pair of gloves
MR       .....                  (no boots)
Stlth    ++........             (no amulet)
HPRegen  0.14/turn              (no ring)
MPRegen  0.10/turn              (no ring)

@: berserk cooldown, slowed, very slow
A: small, carnivore
a: Berserk, Trog's Hand, Renounce Religion


You were on level 4 of the Dungeon.
You worshipped Trog.
Trog was most pleased with you.
You were very full.

You visited 1 branch of the dungeon, and saw 4 of its levels.

You collected 118 gold pieces.

Inventory:

Hand Weapons
 m - a +1 short sword of flaming (weapon)
Missiles
 g - 6 poisoned darts (quivered)
 h - 7 atropa-tipped darts
Armour
 n - a +2 leather armour of cold resistance (worn)
 q - a +0 pair of gloves (worn)
 v - a +0 helmet (worn)
Wands
 u - a wand of random effects (15)
Scrolls
 a - a scroll of noise {unknown}
 b - 2 scrolls of teleportation {unknown}
 f - 2 scrolls of magic mapping {unknown}
 i - 2 scrolls of random uselessness {unknown}
 k - a scroll of immolation {unknown}
 l - 2 scrolls of remove curse {unknown}
 p - 2 scrolls of enchant armour {unknown}
 r - 3 scrolls of blinking {unknown}
 t - 2 scrolls of identify {unknown}
Potions
 d - 2 potions of degeneration {unknown}
 e - 3 potions of curing {unknown}
 j - a potion of magic {unknown}
 o - a potion of ambrosia {unknown}
 s - a potion of haste {unknown}
 w - a potion of lignification {unknown}
Comestibles
 c - 8 rations


   Skills:
 + Level 4.5 Fighting
 * Level 6.8 Short Blades
 + Level 2.5 Throwing
 + Level 2.7 Armour
 + Level 4.0 Dodging
 + Level 3.9 Stealth


You had 6 spell levels left.
You didn't know any spells.
Your spell library was empty.

Dungeon Overview and Level Annotations

Branches:
Dungeon (4/15)
 Temple: D:4-7

Altars:
Cheibriados
Dithmenos
Fedhas
Gozag
Okawaru
Qazlal
Sif Muna

Annotations:
D:4 Eustachio


Innate Abilities, Weirdness & Mutations

You are small and have problems with some larger weapons.
You are carnivorous and can eat meat at any time.


Message History

The gnoll is moderately wounded.
The gnoll barely misses you.
Eustachio drinks a potion.
Eustachio is healed!
The gnoll hits you with a +0 flail.
Eustachio screams, "At last I'll have my revenge!"
The gnoll closely misses you. x2; The gnoll misses you.
The orc hits you with a +0 mace. The gnoll closely misses you.
The gnoll misses you. The gnoll hits you with a +0 flail.
Eustachio gestures wildly while chanting.
The gnoll hits you from afar with a +0 spear!
* * * LOW HITPOINT WARNING * * *
The gnoll barely misses you.
Eustachio says, "My allies will avenge me."
The orc misses you. The gnoll misses you.
Eustachio casts a spell.
Eustachio blinks!
The gnoll misses you. The orc completely misses you.
Eustachio casts a spell.
Eustachio blinks!
The gnoll hits you with a +0 flail!
You die...

#..[........#..
.##..............
..................
..####......ยง...#
###.#.....##
#.#.5...## ###
#g.gg5...# # #.#
##.og....# ...#####.#
#..@....#
........#####.....##
####.>#............##
......##.######...<..#
............#
####....#
.....###.##..# ##....
.........# ..# #...
......#### .# ##.
......# ..


You could see 4 gnolls, a white imp (summoned), a shadow imp (summoned) and an
orc.

Vanquished Creatures
  Grinder (D:4)
  A phantom (D:4)
  A jelly (D:3)
  An orc wizard (D:3)
  Ijyb (D:4)
  Terence (D:3)
  Robin (D:3)
  6 adders
  An ooze (D:1)
  7 worms
  4 dart slugs
  3 leopard geckos
  11 orcs
  2 giant cockroaches (D:1)
  8 goblins
  7 hobgoblins
  2 jackals (D:1)
  A quokka (D:3)
  2 ball pythons
  2 bats (D:1)
  3 frilled lizards (D:3)
  3 kobolds
  A leopard gecko skeleton (D:4)
  6 rats
76 creatures vanquished.

Notes
Turn   | Place    | Note
-------+----------+-------------------------------------------
     0 | D:1      | Hasart the Kobold Berserker began the quest for the Orb.
     0 | D:1      | Reached XP level 1. HP: 14/14 MP: 1/1
     0 | D:1      | Noticed a tentacled monstrosity
     4 | D:1      | Noticed a green draconian
     5 | D:1      | Noticed a white draconian
     6 | D:1      | Noticed a tentacled monstrosity
     7 | D:1      | Noticed an orb of fire
     8 | D:1      | Noticed a shadow dragon
    10 | D:1      | Noticed a shadow dragon
    12 | D:1      | Noticed a large abomination
    14 | D:1      | Noticed an ice dragon
    16 | D:1      | Noticed an ice dragon
    16 | D:1      | Noticed an orb of fire
    18 | D:1      | Noticed an ice dragon
    18 | D:1      | Noticed a large abomination
    20 | D:1      | Noticed a tentacled monstrosity
   162 | D:1      | Reached XP level 2. HP: 8/19 MP: 2/2
   491 | D:1      | Reached skill level 1 in Stealth
   899 | D:1      | Reached XP level 3. HP: 23/23 MP: 3/3
  1442 | D:2      | Found a shadowy altar of Dithmenos.
  1548 | D:2      | Reached XP level 4. HP: 28/28 MP: 4/4
  1551 | D:2      | Reached ** piety under Trog
  1655 | D:2      | Found a shimmering blue altar of Sif Muna.
  1809 | D:2      | Reached skill level 5 in Short Blades
  1914 | D:2      | Found an iron altar of Okawaru.
  2035 | D:2      | Reached skill level 1 in Throwing
  2429 | D:3      | Reached XP level 5. HP: 25/33 MP: 5/5
  2608 | D:3      | Found an opulent altar of Gozag.
  2694 | D:3      | Found a snail-covered altar of Cheibriados.
  2971 | D:3      | Reached XP level 6. HP: 38/38 MP: 6/6
  3219 | D:3      | Found a stormy altar of Qazlal.
  3287 | D:3      | Noticed Robin
  3310 | D:3      | Killed Robin
  3600 | D:3      | Noticed Terence
  3612 | D:3      | Killed Terence
  3839 | D:4      | Reached skill level 6 in Short Blades
  3845 | D:4      | Reached *** piety under Trog
  3938 | D:4      | Found a blossoming altar of Fedhas.
  3949 | D:4      | Noticed Grinder
  3967 | D:4      | Paralysed by Grinder for 6 turns
  3984 | D:4      | Killed Grinder
  3984 | D:4      | Reached XP level 7. HP: 41/44 MP: 7/7
  4157 | D:4      | Noticed Ijyb
  4160 | D:4      | Noticed Eustachio
  4164 | D:4      | Killed Ijyb
  4183 | D:4      | Slain by a gnoll

Illustrated notes

Levels and vault maps discovered:
D:1:      shiori_arrival_whats_in_store_for_you, layout_loops_cross
D:2:      layout_loops_corners, lemuel_doored_altar,
          nicolae_dithmenos_through_a_glass_darkly, okawaru_gym_becter
D:3:      layout_basic, marbit_many_paths, kennysheep_slug_shrine,
          lemuel_crystal_altar, first_ration, uniq_robin, uniq_terence
D:4:      layout_rooms, old_standard_altar, nemelex_xobeh_ov_fountains_minmay,
          uniq_menkaure, uniq_eustachio, uniq_grinder, uniq_ijyb

Skill      XL: |  1  2  3  4  5  6  7 |
---------------+----------------------+-----
Stealth        | 1 2 3 |  3.9
Dodging        | 3 4 |  4.0
Short Blades   | 5 6 |  6.8
Armour         | 2 |  2.7
Throwing       | 1 2 |  2.5
Fighting       | 4 |  4.5

Action                   |  1- 3 |  4- 6 |  7- 9 || total
-------------------------+-------+-------+-------++-------
Melee: Short sword       |    84 |   225 |    18 ||   327
Throw: Dart              |     7 |       |       ||     7
Invok: Berserk           |     1 |     1 |     1 ||     3
 Stab: Sleeping          |     4 |     1 |       ||     5
  Eat: Chunk             |    11 |     8 |     1 ||    20
Armor: Animal skin       |     9 |       |       ||     9
       Leather armour    |       |    40 |     4 ||    44
Dodge: Dodged            |    51 |   132 |    18 ||   201

Table legend:
 A = Non-vault XP
 B = Vault XP
 C = Vault XP percentage of total XP
 D = Non-vault monster count
 E = Vault monster count
 F = Vault count percentage of total count
                 A         B        C        D         E       F
            +---------+---------+-------+---------+---------+-------
      Total |     429 |     379 |  46.9 |      65 |      11 |  14.5
            +---------+---------+-------+---------+---------+-------
        D:1 |      35 |       0 |   0.0 |      15 |       0 |   0.0
        D:2 |      99 |       0 |   0.0 |      19 |       0 |   0.0
        D:3 |     148 |      66 |  30.8 |      25 |       9 |  26.5
        D:4 |     147 |     313 |  68.0 |       6 |       2 |  25.0
            +---------+---------+-------+---------+---------+-------
